 Dungeon Crawl Stone Soup version 0.30-a0-165-g1891117ce2 (webtiles) character file.

Game seed: 8268374217944535997

130 qw the Chopper (level 5, -1/32 HPs)
             Began as a Gargoyle Fighter on Sept 28, 2022.
             Slain by Pikel
             ... wielding a +1 whip of freezing
              (2 damage)
             ... on level 4 of the Dungeon.
             The game lasted 00:01:00 (2583 turns).

qw the Chopper (Gargoyle Fighter)                   Turns: 2583, Time: 00:01:00

Health: -1/32      AC: 15    Str: 22    XL:     5   Next: 13%
Magic:  5/5        EV:  7    Int:  8    God:
Gold:   70         SH:  4    Dex:  9    Spells: 4/4 levels left

rFire   . . .      SeeInvis .    o - +0 war axe (vamp)
rCold   . . .      Faith    .    c - +0 buckler
rNeg    + . .      Spirit   .    f - +0 chain mail
rPois   inf        Reflect  .    h - +0 helmet
rElec   +          Harm     .    (no cloak)
rCorr   .          Rampage  .    (no gloves)
Will    .....                    i - +0 pair of boots
Stlth   ..........               (no amulet)
HPRegen 0.10/turn                (no ring)
MPRegen 0.09/turn                (no ring)

@: no status effects
A: sickness immunity, AC +4, negative energy resistance 1, electricity
resistance, torment resistance 1, petrification resistance
a: no special abilities


You were on level 4 of the Dungeon.
You visited 1 branch of the dungeon, and saw 4 of its levels.

You collected 178 gold pieces.
You spent 108 gold pieces at shops.


Innate Abilities, Weirdness & Mutations

You are immune to sickness and miasma.
Your stone body is resilient. (AC +4)
You are immune to poison.
You resist negative energy. (rN+)
You are resistant to electric shocks. (rElec)
You are resistant to unholy torment.
You are immune to petrification.


   Skills:
 - Level 3.2 Fighting
 + Level 4.4 Axes
 - Level 1.1 Throwing
 - Level 3.2 Armour
 - Level 3.2 Shields


You had 4 spell levels left.
You didn't know any spells.
Your spell library was empty.

Inventory:

Hand Weapons
 k - a +0 whip
 o - a +0 vampiric war axe (weapon)
Missiles
 g - 2 boomerangs (quivered)
Armour
 c - a +0 buckler (worn)
 f - a +0 chain mail (worn)
 h - a +0 helmet (worn)
 i - a +0 pair of boots (worn)
Scrolls
 a - 6 scrolls of identify
Potions
 d - a potion of might
 e - 2 potions of haste
 m - a potion of curing

Dungeon Overview and Level Annotations

Branches:
Dungeon (4/15)
 Temple: D:4-7

Altars:

Shops:
D:2 (   D:3 ?

Annotations:
D:2 1 runed translucent door, Crazy Yiuf
D:4 Pikel


Message History

You barely miss Pikel.
Pikel is almost dead.
You block Pikel's attack.
You closely miss Pikel.
Pikel is almost dead.
Pikel hits you with a +1 whip of freezing!
Pikel freezes you. Pikel hits you but does no damage.
You miss Pikel.
Pikel is almost dead.
Pikel hits you but does no damage.
You barely miss Pikel.
Pikel is almost dead.
Pikel hits you with a +1 whip of freezing.
Pikel freezes you.
You closely miss Pikel.
Pikel is almost dead.
Pikel hits you but does no damage.
Pikel hits you with a +1 whip of freezing.
Pikel freezes you.
You closely miss Pikel.
Pikel is almost dead.
Pikel barely misses you.
You hit Pikel but do no damage.
Pikel is severely wounded.
Pikel hits you with a +1 whip of freezing.
Pikel freezes you.
You closely miss Pikel.
Pikel is severely wounded.
Pikel hits you but does no damage.
You barely miss Pikel.
Pikel is severely wounded.
Pikel hits you with a +1 whip of freezing.
Pikel freezes you.
Pikel hits you with a +1 whip of freezing.
Pikel freezes you.
You hit Pikel.
You feel better.
Pikel is almost dead.
Pikel hits you with a +1 whip of freezing.
Pikel freezes you.
You die...

###############
...)..>....$..#
#####.....###.#
##...##5#
#....@#.#
#.#####K5# #.
#.... # .#### #


You could see Pikel and a lemure.

Vanquished Creatures
  2 lemures (D:4)
  2 gnolls (D:4)
  5 adders
  A worm (D:2)
  2 dart slugs (D:2)
  8 ball pythons
  10 endoplasms
  7 hobgoblins
  5 kobolds
  2 quokkas (D:3)
  4 bats (D:2)
  3 frilled lizards
  3 goblins
  7 rats
61 creatures vanquished.

Notes
Turn   | Place    | Note
-------+----------+-------------------------------------------
     0 | D:1      | qw the Gargoyle Fighter began the quest for the Orb.
     0 | D:1      | Reached XP level 1. HP: 14/14 MP: 1/1
     0 | D:1      | 0 ||| qw: Version: 0.2-a-12-gaebbb33
     0 | D:1      | 0 ||| qw: Game counter: 832
     0 | D:1      | 0 ||| qw: Always use a shield: true
     0 | D:1      | 0 ||| qw: God list: Okawaru
     0 | D:1      | 0 ||| qw: Allow faded altars: false
     0 | D:1      | 0 ||| qw: Do Orc after D:15 true
     0 | D:1      | 0 ||| qw: Do second Lair branch before Depths: true
     0 | D:1      | 0 ||| qw: Lair rune preference: random
     0 | D:1      | 0 ||| qw: Plans: Normal, Zot:1-4, God:TSO, Crypt, Tomb,
                  | Pan, Slime:5, Hells, Abyss, Orb
     0 | D:1      | 0 ||| PLANNING D:1-11
    37 | D:1      | Reached skill level 2 in Axes
    38 | D:1      | 38 ||| Stepping ~*~*~tactically~*~*~ (stealth).
    64 | D:1      | Reached XP level 2. HP: 17/19 MP: 2/2
   286 | D:1      | 286 ||| Stepping ~*~*~tactically~*~*~ (stealth).
   290 | D:1      | 290 ||| Stepping ~*~*~tactically~*~*~ (stealth).
   473 | D:1      | 473 ||| UPGRADING to +0 pair of boots.
   478 | D:1      | 478 ||| READING scroll labelled BOFRIA SAKI.
   479 | D:1      | 479 ||| READING scroll labelled SOUKKA LOASUCW.
   480 | D:1      | 480 ||| READING scroll labelled CIWNERGHITEJ.
   481 | D:1      | 481 ||| READING scroll labelled ZUEZXU UXUH.
   482 | D:1      | 482 ||| DRINKING 2 pink potions.
   583 | D:1      | 583 ||| DROPPING potion of ambrosia.
   623 | D:2      | 623 ||| Stepping ~*~*~tactically~*~*~ (stealth).
   625 | D:2      | 625 ||| Stepping ~*~*~tactically~*~*~ (stealth).
   633 | D:2      | Reached skill level 3 in Axes
   693 | D:2      | Reached XP level 3. HP: 13/23 MP: 3/3
   899 | D:2      | Found Isuimeal's Antique Weapon Emporium.
   907 | D:2      | 907 ||| SHOPLISTING runed whip (148 gold, have 44).
   907 | D:2      | 907 ||| SHOPLISTING whip (67 gold, have 44).
   922 | D:2      | Identified the +10 rapier "Gennus" {speed, rF+}
   945 | D:2      | 945 ||| Stepping ~*~*~tactically~*~*~ (hiding).
  1283 | D:2      | 1283 ||| Stepping ~*~*~tactically~*~*~ (stealth).
  1288 | D:2      | 1288 ||| Stepping ~*~*~tactically~*~*~ (stealth).
  1325 | D:2      | 1325 ||| DROPPING +0 club.
  1339 | D:2      | 1339 ||| Stepping ~*~*~tactically~*~*~ (stealth).
  1445 | D:2      | 1445 ||| Stepping ~*~*~tactically~*~*~ (stealth).
  1446 | D:2      | 1446 ||| Stepping ~*~*~tactically~*~*~ (stealth).
  1447 | D:2      | 1447 ||| Stepping ~*~*~tactically~*~*~ (stealth).
  1448 | D:2      | 1448 ||| Stepping ~*~*~tactically~*~*~ (stealth).
  1450 | D:2      | 1450 ||| Stepping ~*~*~tactically~*~*~ (stealth).
  1487 | D:2      | Found a runed translucent door.
  1488 | D:2      | Noticed Crazy Yiuf
  1654 | D:2      | Reached XP level 4. HP: 24/28 MP: 4/4
  1790 | D:2      | Reached skill level 1 in Throwing
  1793 | D:2      | 1793 ||| Stepping ~*~*~tactically~*~*~ (stealth).
  1807 | D:2      | Found a faded altar of an unknown god.
  1861 | D:2      | 1861 ||| UPGRADING to +0 chain mail.
  1871 | D:2      | 1871 ||| DROPPING +0 scale mail.
  1872 | D:2      | 1872 ||| UPGRADING to +0 helmet.
  1877 | D:2      | 1877 ||| DRINKING 2 glowing white potions.
  1878 | D:2      | 1878 ||| READING 3 scrolls of identify.
  1878 | D:2      | 1878 ||| IDENTIFYING brown potion
  1879 | D:2      | 1879 ||| READING 2 scrolls of identify.
  1879 | D:2      | 1879 ||| IDENTIFYING orange potion
  1880 | D:2      | 1880 ||| DROPPING potion of degeneration.
  1977 | D:3      | 1977 ||| Stepping ~*~*~tactically~*~*~ (stealth).
  2021 | D:3      | Reached skill level 4 in Axes
  2104 | D:3      | Found Tuklosch's Magic Scroll Shoppe.
  2113 | D:3      | 2113 ||| BUYING scroll of identify (24 gold).
  2113 | D:3      | Bought a scroll of identify for 24 gold pieces
  2113 | D:3      | 2113 ||| BUYING scroll of identify (24 gold).
  2113 | D:3      | Bought a scroll of identify for 24 gold pieces
  2113 | D:3      | 2113 ||| BUYING scroll of identify (24 gold).
  2113 | D:3      | Bought a scroll of identify for 24 gold pieces
  2113 | D:3      | 2113 ||| BUYING scroll of teleportation (36 gold).
  2113 | D:3      | Bought a scroll of teleportation for 36 gold pieces
  2491 | D:3      | 2491 ||| READING scroll labelled DOFFUSTRIOWA.
  2492 | D:3      | 2492 ||| READING scroll labelled XUYFOKE EGIPS.
  2493 | D:3      | 2493 ||| READING scroll labelled GOELLA IXZOYZ.
  2494 | D:3      | 2494 ||| READING 7 scrolls of identify.
  2494 | D:3      | 2494 ||| IDENTIFYING coppery potion
  2506 | D:4      | 2506 ||| Stepping ~*~*~tactically~*~*~ (stealth).
  2507 | D:4      | 2507 ||| Stepping ~*~*~tactically~*~*~ (stealth).
  2510 | D:4      | 2510 ||| Stepping ~*~*~tactically~*~*~ (hiding).
  2518 | D:4      | Reached XP level 5. HP: 29/32 MP: 5/5
  2526 | D:4      | Noticed an ogre
  2528 | D:4      | HP: 7/32 [gnoll/+0 glaive (5)]
  2529 | D:4      | 2529 ||| READING scroll of teleportation.
  2530 | D:4      | 2530 ||| DRINKING 4 potions of heal wounds.
  2533 | D:4      | Noticed a lemure
  2534 | D:4      | Noticed a lemure
  2536 | D:4      | Killed a lemure
  2547 | D:4      | Killed a lemure
  2551 | D:4      | Noticed a lemure
  2552 | D:4      | 2552 ||| Stepping ~*~*~tactically~*~*~ (stealth).
  2560 | D:4      | 2560 ||| Stepping ~*~*~tactically~*~*~ (stealth).
  2560 | D:4      | Noticed Pikel
  2561 | D:4      | 2561 ||| Stepping ~*~*~tactically~*~*~ (hiding).
  2563 | D:4      | HP: 2/32 [Pikel/bolt of dispelling energy (16)]
  2563 | D:4      | Noticed a lemure
  2564 | D:4      | 2564 ||| DRINKING 3 potions of heal wounds.
  2568 | D:4      | 2568 ||| DRINKING 2 potions of heal wounds.
  2571 | D:4      | HP: 8/32 [Pikel/+1 whip of freezing (1)]
  2572 | D:4      | 2572 ||| DRINKING potion of heal wounds.
  2580 | D:4      | HP: 8/32 [Pikel/+1 whip of freezing (1)]
  2582 | D:4      | HP: 3/32 [Pikel/+1 whip of freezing (1)]
  2583 | D:4      | HP: 1/32 [Pikel/+1 whip of freezing (4)]
  2583 | D:4      | Slain by Pikel

Levels and vault maps discovered:
D:1:      minmay_arrival_five_plusses, layout_basic
D:2:      layout_loops_cross, serial_shops, nicolae_shop_overgrown_old_shop,
          shapermc_ecumenical_altar_pompeii, st_stairs_10,
          uniq_crazy_yiuf_cottage
D:3:      layout_basic, serial_shops, nicolae_shop_crystal,
          dreamdust_wishing_well
D:4:      layout_basic, minmay_temple_entry_purple_smoke, corner_web_ring,
          minmay_joined_circles, uniq_ijyb, uniq_pikel, uniq_eustachio

Skill      XL: |  1  2  3  4 |
---------------+-------------+-----
Axes           | 2 3 4 |  4.4
Throwing       | 1 |  1.1
Fighting       | |  3.2
Armour         | |  3.2
Shields        | |  3.2

Action                   |  1- 3 |  4- 6 || total
-------------------------+-------+-------++-------
Melee: War axe           |    75 |    78 ||   153
Throw: Boomerang         |    33 |    25 ||    58
       Javelin           |       |     5 ||     5
  Use: Scroll            |     4 |     7 ||    11
       Potion            |     1 |     5 ||     6
Armor: Scale mail        |    29 |     5 ||    34
       Chain mail        |       |    45 ||    45
Dodge: Dodged            |    31 |    31 ||    62
Block: Buckler           |     8 |    17 ||    25

Table legend:
 A = Non-vault XP
 B = Vault XP
 C = Vault XP percentage of total XP
 D = Non-vault monster count
 E = Vault monster count
 F = Vault count percentage of total count
                 A         B        C        D         E       F
            +---------+---------+-------+---------+---------+-------
      Total |     182 |       4 |   2.2 |      56 |       3 |   5.1
            +---------+---------+-------+---------+---------+-------
        D:1 |      21 |       0 |   0.0 |      12 |       0 |   0.0
        D:2 |      80 |       4 |   4.8 |      25 |       3 |  10.7
        D:3 |      47 |       0 |   0.0 |      14 |       0 |   0.0
        D:4 |      34 |       0 |   0.0 |       5 |       0 |   0.0
            +---------+---------+-------+---------+---------+-------
